 Dungeon Crawl Stone Soup version 0.31-a0-152-g6aa68a64a1 (webtiles) character file.

Game seed: 3349834684335627783

22 qw the Shield-Bearer (level 2, 0/19 HPs)
             Began as a Gargoyle Fighter on June 10, 2023.
             Slain by a gnoll
             ... wielding a +0 spear
              (5 damage)
             ... on level 2 of the Dungeon.
             The game lasted 00:00:25 (648 turns).

qw the Shield-Bearer (Gargoyle Fighter)              Turns: 648, Time: 00:00:26

Health: 0/19       AC:  9    Str: 19    XL:     2   Next: 91%
Magic:  2/2        EV:  9    Int:  8    God:
Gold:   33         SH:  4    Dex:  9    Spells: 1/1 levels left

rFire   . . .        Y - +0 war axe
rCold   . . .        c - +0 buckler
rNeg    + . .        b - +0 scale mail
rPois   inf          (no helmet)
rElec   +            (no cloak)
rCorr   .            (no gloves)
SInv    .            (no boots)
Will    .....        (no amulet) Stlth
                     (no ring)
HPRegen 0.23/turn    (no ring)
MPRegen 0.08/turn

%: no passive effects
@: no status effects
A: sickness immunity, AC +2, negative energy resistance 1, electricity
resistance, torment resistance 1, petrification resistance
a: no special abilities


You were on level 2 of the Dungeon.
You visited 1 branch of the dungeon, and saw 2 of its levels.

You collected 33 gold pieces.


Innate Abilities, Weirdness & Mutations

You are immune to sickness and miasma.
Your stone body is resilient. (AC +2)
You are immune to poison.
You resist negative energy. (rN+)
You are resistant to electric shocks. (rElec)
You are resistant to unholy torment.
You are immune to petrification.


   Skills:
 - Level 3.2 Fighting
 + Level 3.0 Axes
 - Level 3.2 Armour
 - Level 3.2 Shields


You had one spell level left.
You didn't know any spells.
Your spell library was empty.

Inventory:

Hand Weapons
 e - a +0 mace
 Y - a +0 war axe (weapon)
Armour
 b - a +0 scale mail (worn)
 c - a +0 buckler (worn)
Scrolls
 a - a scroll of identify
Potions
 d - a potion of might
 f - a potion of heal wounds

Dungeon Overview and Level Annotations

Branches:
Dungeon (2/15)

Altars:

Shops:
D:1 :


Message History

You hit the endoplasm.
The endoplasm is almost dead.
The endoplasm hits you.
You hit the endoplasm.
You kill the endoplasm!
Your Axes skill increases to level 3!
You start resting.
HP restored.
Found 4 poisoned darts.
You see here 4 poisoned darts.
A gnoll comes into view. It is wielding a +0 club.
The gnoll shouts!
An endoplasm comes into view.
The endoplasm quivers.
A gnoll comes into view. It is wielding a +0 spear.
Found a scroll labelled BYTITU PEOW.
The gnoll shouts!
You hear a shout!
A dart slug comes into view.
You closely miss the gnoll. You barely miss the endoplasm.
A gnoll comes into view. It is wielding a +0 whip.
The gnoll hits you but does no damage. The endoplasm freezes you.
You are frozen.
You completely miss the gnoll. You hit the endoplasm but do no damage.
The gnoll hits you from afar with a +0 spear.
The gnoll hits you but does no damage. You block the endoplasm's attack.
You closely miss the gnoll. You hit the endoplasm.
The gnoll hits you but does no damage. The gnoll hits you with a +0 club.
You block the endoplasm's attack.
The gnoll hits you from afar with a +0 spear.
The endoplasm hits you but does no damage.
The gnoll hits you but does no damage.
You slash the endoplasm!
You kill the endoplasm!
You barely miss the gnoll. The gnoll hits you but does no damage.
The gnoll barely misses you.
You slash the gnoll!
The gnoll is heavily wounded.
The gnoll hits you from afar with a +0 spear.
You die...

...>....#.##
###.<..............
# ##......##.?.....
# ######## #.....#
##### ... #.....
#...##.... #..w.. #
..........
#...g##.# #...##..
#..gg...# ##..# #@#
##..## #.# .....#
#.# .#.#.# #.#
...#.# #########.#
.###.# #(........#
.....###.#########
##.##.##.#
#.......#


You could see 3 gnolls and a dart slug.

Vanquished Creatures
  4 bats (D:1)
  3 endoplasms
  2 jackals (D:1)
  2 ball pythons (D:1)
  A frilled lizard (D:1)
  2 goblins (D:1)
  4 kobolds (D:1)
  4 rats (D:1)
22 creatures vanquished.

Notes
Turn   | Place    | Note
-------+----------+-------------------------------------------
     0 | D:1      | qw the Gargoyle Fighter began the quest for the Orb.
     0 | D:1      | Reached XP level 1. HP: 14/14 MP: 1/1
     0 | D:1      | 0 ||| qw: Version: 0.2-a-29-g767f381
     0 | D:1      | 0 ||| qw: Game counter: 3898
     0 | D:1      | 0 ||| qw: Always use a shield: true
     0 | D:1      | 0 ||| qw: God list: Okawaru
     0 | D:1      | 0 ||| qw: Allow faded altars: false
     0 | D:1      | 0 ||| qw: Do Orc after D:15 true
     0 | D:1      | 0 ||| qw: Do second Lair branch before Depths: true
     0 | D:1      | 0 ||| qw: Lair rune preference: random
     0 | D:1      | 0 ||| qw: Plans: Normal, Zot:1-4, Slime:5, God:TSO, Crypt,
                  | Tomb, Abyss, Pan, Hells, Win
     0 | D:1      | 0 ||| PLANNING D:1-11
   107 | D:1      | 107 ||| FLEEEEING.
   139 | D:1      | Reached XP level 2. HP: 19/19 MP: 2/2
   153 | D:1      | 153 ||| Stepping ~*~*~tactically~*~*~ (stealth).
   394 | D:1      | Found Humetsea's Book Shoppe.
   440 | D:1      | 440 ||| FLEEEEING.
   546 | D:1      | 546 ||| READING 3 scrolls labelled ORERIYBRIY.
   547 | D:1      | 547 ||| READING scroll labelled YWU IBLUSUPT.
   548 | D:1      | 548 ||| READING scroll labelled DIGAELOUXOKK.
   552 | D:1      | 552 ||| READING 2 scrolls of identify.
   552 | D:1      | 552 ||| IDENTIFYING purple potion
   582 | D:2      | Reached skill level 3 in Axes
   648 | D:2      | Slain by a gnoll

Levels and vault maps discovered:
D:1:      ldierk_walled_garden, layout_basic, serial_shops, shop, minivault_24
D:2:      layout_loops_cross

Skill      XL: |  1  2 |
---------------+-------+-----
Axes           | 2 3 |  3.0
Fighting       | |  3.2
Armour         | |  3.2
Shields        | |  3.2

Action                     || total
---------------------------++-------
  Melee: War axe           ||    71
    Use: Scroll            ||     4
 Armour: Scale mail        ||    39
  Dodge: Dodged            ||    31
  Block: Buckler           ||    10

Table legend:
 A = Non-vault XP
 B = Vault XP
 C = Vault XP percentage of total XP
 D = Non-vault monster count
 E = Vault monster count
 F = Vault count percentage of total count
                 A         B        C        D         E       F
            +---------+---------+-------+---------+---------+-------
      Total |      32 |       0 |   0.0 |      22 |       0 |   0.0
            +---------+---------+-------+---------+---------+-------
        D:1 |      28 |       0 |   0.0 |      20 |       0 |   0.0
        D:2 |       4 |       0 |   0.0 |       2 |       0 |   0.0
            +---------+---------+-------+---------+---------+-------
